 Dungeon Crawl Stone Soup version 0.31-a0-1098-g6898e6545c (webtiles) character file.

Game seed: 8733460528847887077

149 Dirtsage the Changeling (level 5, -5/35 HPs)
             Began as an Octopode Shapeshifter on Nov 30, 2023.
             Slain by an iguana (12 damage)
             ... on level 4 of the Dungeon.
             The game lasted 00:02:37 (1259 turns).

Dirtsage the Changeling (Octopode Shapeshifter)     Turns: 1259, Time: 00:02:38

Health: -5/35      AC:  1    Str: 19    XL:     5   Next: 31%
Magic:  5/5        EV: 13    Int: 19    God:
Gold:   56         SH:  0    Dex: 13    Spells: 4/4 levels left

rFire   . .          .
                       - Unarmed
rCold   . . .        (no shield)
rNeg    . . .        (helmet currently unavailable)
rPois   .            (no amulet)
rElec   .            d - +6 ring of intelligence
rCorr   .            g - +6 ring of strength
SInv    .            (no ring)
Will    .....        (no ring)
Stlth   ++           (no ring)
HPRegen 0.25/turn    (no ring)
MPRegen 0.09/turn    (no ring)
                     (no ring)

%: no passive effects
@: beast-form
A: beast (slay +2), almost no armour, amphibious, 8 rings, camouflage 1,
gelatinous body 1, (nimble swimmer 1), tentacles
a: Begin Untransformation


You were on level 4 of the Dungeon.
You were a hulking beast.
You visited 1 branch of the dungeon, and saw 4 of its levels.

You collected 56 gold pieces.

Inventory:

Jewellery
 d - a +6 ring of intelligence (left tentacle)
 g - a +6 ring of strength (right tentacle)
Talismans
 b - a beast talisman
 c - a flux talisman
 h - a flux talisman
Scrolls
 i - a scroll of poison {unknown}
Potions
 e - a potion of curing {unknown}
 f - a potion of mutation {unknown}


   Skills:
 + Level 2.4 Fighting
 - Level 2.0 Dodging
 + Level 3.9 Unarmed Combat
 * Level 4.4 Shapeshifting


You had 4 spell levels left.
You didn't know any spells.
Your spell library contained the following spells:

 Spells                   Type           Power      Damage    Failure   Level
 Blink                    Tloc           0%         N/A       30%         2
 Lesser Beckoning         Tloc           0%         N/A       30%         2
 Momentum Strike          Conj/Tloc      0%         3d8       30%         2


Dungeon Overview and Level Annotations

Branches:
Dungeon (4/15)
 Temple: D:4-7

Altars:
Vehumet


Innate Abilities, Weirdness & Mutations

You are a hulking beast.
Your limbs bulge with bestial killing power. (Slay +2)
You cannot wear most types of armour.
You are amphibious.
You can wear up to eight rings at the same time.
Your skin changes colour to match your surroundings (Stealth+).
Your rubbery body absorbs attacks. (AC +1, EV +1)
((You are camouflaged when in or above water. (Stealth+)))
You have tentacles for arms and can constrict up to eight enemies at once.


Message History

The ice beast hits you but does no damage.
You smack the ice beast!
You kill the ice beast!
Your Fighting skill increases to level 2!
Your Shapeshifting skill increases to level 4!
You have reached level 4!
You have reached level 5!
You feel clever.
You regained 12 hp, and now have 39/52 hp.
MP restored: 5 You start resting.
Your transformation is almost over.
You regained 7 hp, and now have 46/52 hp.
You start resting.
You feel less wooden.
You turn into a hulking beast.
You now have 32/35 hp.
Found a stone staircase leading down.
An iguana and an orc come into view.
You hear the slow hiss of a very distant avalanche of sand.
The iguana hisses angrily.
The orc shouts!
The iguana bites you!
You take 10 damage, and have 24/35 hp.
MASSIVE DAMAGE!!
You barely miss the iguana. Your grab misses the iguana.
The orc barely misses you. The iguana barely misses you.
You tentacle-slap the iguana. You grab the iguana. You squeeze the iguana!
The iguana is severely wounded.
You constrict the iguana. The orc hits you with a +0 club.
The iguana bites you!
* * * LOW HITPOINT WARNING * * *
A ball python comes into view.
You take 17 damage, and have 8/35 hp.
MASSIVE DAMAGE!!
The ball python hisses angrily.
You tentacle-slap the iguana but do no damage.
The iguana is severely wounded.
You constrict the iguana, but do no damage.
The orc hits you with a +0 club.
* * * LOW HITPOINT WARNING * * *
The iguana bites you!
You die...

##...###.........
..#................
...............>...
#....<.......#
##...........#
#...###......#
#.... ##.....#
..... #.....# .##..
#h....# ## #.lo...#
...........
.............
...............
...#.........S.
####.........#.
#........##


You could see an iguana, an orc and a ball python.

Vanquished Creatures
  An ice beast (D:4)
  A gnoll (D:1)
  An adder (D:2)
  2 ball pythons (D:3)
  2 bats (D:1)
  3 endoplasms
  A giant cockroach (D:2)
  7 goblins
  3 hobgoblins (D:2)
  2 jackals (D:2)
  4 kobolds
  2 quokkas
  A frilled lizard (D:2)
  3 rats
33 creatures vanquished.

Notes
Turn   | Place    | Note
-------+----------+-------------------------------------------
     0 | D:1      | Dirtsage the Octopode Shapeshifter began the quest for the
                  | Orb.
     0 | D:1      | Reached XP level 1. HP: 13/13 MP: 1/1
   280 | D:1      | Reached XP level 2. HP: 6/18 MP: 2/2
   686 | D:2      | Reached XP level 3. HP: 17/23 MP: 3/3
   745 | D:2      | Found a radiant altar of Vehumet.
  1206 | D:4      | Noticed an ice beast
  1216 | D:4      | Killed an ice beast
  1217 | D:4      | Reached skill level 4 in Shapeshifting
  1217 | D:4      | Reached XP level 4. HP: 30/30 MP: 4/4
  1217 | D:4      | Reached XP level 5. HP: 35/35 MP: 5/5
  1259 | D:4      | Slain by an iguana

Illustrated notes

Levels and vault maps discovered:
D:1:      heliophobic_arrival_ceremonial_halls, layout_basic
D:2:      layout_basic, basic_altar
D:3:      layout_loops_ring, tgw_xom, nicolae_underground_beach
D:4:      layout_layer_cave, kiku_gazebo_garden_becter, kennysheep_mini,
          mainiacjoe_ossuary_entry_find_the_door, minmay_misc_feat_doors

Skill      XL: |  1  2  3 |
---------------+----------+-----
Fighting       | 2 |  2.4
Shapeshifting  | 4 |  4.4
Dodging        | |  2.0
Unarmed Combat | |  3.9

Action                     |  1- 3 |  4- 6 || total
---------------------------+-------+-------++-------
  Melee: Unarmed           |    54 |     3 ||    57
         Constrict         |    10 |     1 ||    11
         Tentacles         |     6 |     1 ||     7
    Use: Potion            |     4 |       ||     4
   Stab: Sleeping          |     8 |       ||     8
 Armour: Skin              |    18 |     5 ||    23
  Dodge: Dodged            |    19 |     2 ||    21

Table legend: (Time is in decaauts)
 A = Elapsed time spent in this place.
 B = Non-inter-level travel time spent in this place.
 C = Inter-level travel time spent in this place.
 D = Time resting spent in this place.
 E = Time spent auto-exploring this place.
 F = Levels seen in this place.
 G = Mean time per level.
                   A        B        C        D        E       F      G
               +--------+--------+--------+--------+--------+-----+--------+
         Total |   1253 |   1228 |     25 |     31 |    981 |   4 |  313.2 |
       Dungeon |   1253 |   1228 |     25 |     31 |    981 |   4 |  313.2 |
               +--------+--------+--------+--------+--------+-----+--------+

Top non-repeatable levels by time:
     D:1: 654 daAuts
     D:2: 429 daAuts
     D:3: 116 daAuts
     D:4: 52 daAuts
